FIQ, lawful male dwarven Barbarian -------- --------- *....` |.......| ....| ##.....<..| -...| ---|- # |.......| |...|# ###|...| ### --------- |`.I.#####-...| # |..@|# #|...|### -..W| #-...|# ..k..| |...-# .%....`| ----- --------- FIQ the Bandit Experience level: 8 Strength: 18/08 Dexterity: 16 Constitution: 20 Intelligence: 8 Wisdom: 8 Charisma: 6 Health: 0(100) Energy: 6(6) Def: 7 Gold: 356 Moves: 5885 Dungeon seed: by1mmL8uP0c3LICA Game ID: FIQ_1433885728 Your Inventory: Coins $ - 356 gold pieces Weapons a - a corroded +1 battle-axe (weapon in hands) b - the cursed -1 Ogresmasher Armor e - an uncursed +1 ring mail (being worn) I - an uncursed thoroughly rusty -1 helm of opposite alignment L - an uncursed +0 pair of iron shoes (being worn) Z - a cursed +0 elven leather helm (being worn) Comestibles c - an uncursed orange d - 2 uncursed cream pies f - an uncursed tin of newt meat H - 2 cursed lizard corpses N - an uncursed egg Q - 11 cursed food rations T - an uncursed lembas wafer Scrolls s - an uncursed scroll of scare monster B - an uncursed scroll of destroy armor E - an uncursed scroll of light O - a cursed scroll of identify X - an uncursed scroll of stinking cloud Potions F - a cursed potion of restore ability R - an uncursed potion of see invisible U - an uncursed potion of fruit juice Rings p - an uncursed +4 ring of adornment z - an uncursed ring of protection from shape changers A - an uncursed ring of see invisible Wands j - a cursed wand of make invisible (0:4) m - a wand of locking (0:2) v - a cursed wand of striking (0:6) x - a cursed wand of probing (0:0) G - a wand of striking (0:7) J - a wand of light (0:13) K - a cursed wand of fire (0:3) M - a wand of digging (0:0) Tools h - a -3 unicorn horn k - an uncursed skeleton key l - an uncursed oil lamp (0:1136) t - an uncursed towel w - an uncursed magic whistle Gems g - an uncursed flint stone (in quiver) i - an uncursed worthless piece of white glass n - 2 uncursed jasper stones o - 2 uncursed worthless pieces of red glass q - an uncursed jet stone r - an uncursed agate stone u - 2 uncursed luckstones y - 4 uncursed worthless pieces of violet glass C - an uncursed worthless piece of blue glass D - an uncursed worthless piece of yellowish brown glass P - 2 uncursed worthless pieces of yellow glass S - an uncursed garnet stone V - 2 uncursed worthless pieces of green glass W - 2 uncursed chrysoberyl stones Y - 2 uncursed worthless pieces of orange glass Spells known in the end: Name Level Category Fail Memory Your skills at the end: Fighting Skills bare handed combat [Basic] Weapon Skills axe [Expert] short sword [Basic] Spellcasting Skills Final Attributes: You had strayed. You were poison resistant. You were telepathic. You had infravision. You were fast. You were lucky. You had extra luck. Bad luck did not time out for you. Good luck did not time out for you. You are dead (2nd time!). Vanquished creatures: a stalker 3 wargs 2 small mimics a dwarf king a chameleon a wolf 2 leprechauns 2 giant spiders an ice vortex a black light a vampire bat a dwarf mummy an owlbear a housecat 2 blue jellies a water nymph a white unicorn a dust vortex 2 plains centaurs a snake an ape a rope golem a fire ant 3 rock piercers a rock mole a yellow light a gnomish wizard a golden naga hatchling 3 elf zombies 2 ghouls a giant ant 2 little dogs a dwarf a homunculus a kobold lord a kobold shaman 5 hill orcs 2 rothes 3 rabid rats a giant bat 3 orc zombies 2 wererats a werejackal 2 killer bees 2 acid blobs a gas spore 5 hobbits 2 large kobolds a hobgoblin a giant rat 6 cave spiders 2 green molds 2 gnomes 2 garter snakes 3 gnome zombies 5 geckos 6 jackals 2 kobolds 3 goblins 4 sewer rats 5 grid bugs 4 lichens 4 newts 128 creatures vanquished. Voluntary challenges: You had been an atheist until turn 2129. You used a wielded weapon 170 times, starting on turn 2. You read items or engraved 17 times, starting on turn 520. You never genocided any monsters. You never polymorphed an object. You never changed form. You used no wishes. You never split a pudding. You wrote Elbereth's name 4 times, starting on turn 3451. You violated your moral code, losing 5 points of alignment, starting on turn 3853. Dungeon overview: The Dungeons of Doom: levels 1 to 8 Level 1 some fountains a long staircase Level 2 a fountain Level 3 Level 4 stairs to The Gnomish Mines Level 5 Level 6 a general store Level 7 Level 8 <- You were here The Gnomish Mines: levels 5 to 13 Level 5 stairs to The Dungeons of Doom Level 6 Level 7 Level 8 many shops, a temple to Mitra, some fountains, some trees Level 9 Level 10 Level 11 Level 12 Level 13 History has recorded: On T:1 you entered the Dungeons of Doom to retrieve the Amulet of Yendor! On T:31 you reached level 2 of The Dungeons of Doom. On T:220 you advanced to experience level 2. On T:640 you advanced to experience level 3. On T:785 you reached level 3 of The Dungeons of Doom. On T:1094 you reached level 4 of The Dungeons of Doom. On T:1298 you reached level 1 of The Gnomish Mines. On T:1325 you advanced to experience level 4. On T:1339 you reached level 3 of The Gnomish Mines. On T:1403 you reached level 4 of The Gnomish Mines. On T:1496 you advanced to experience level 5. On T:1721 you reached level 5 of The Gnomish Mines. On T:2142 you advanced to experience level 6. On T:2278 you reached level 6 of The Gnomish Mines. On T:3187 you were saved from death by your amulet of life saving! On T:3196 you reached level 7 of The Gnomish Mines. On T:3201 you advanced to experience level 7. On T:3513 you reached level 8 of The Gnomish Mines. On T:3517 you reached level 9 of The Gnomish Mines. On T:4100 you reached level 2 of The Gnomish Mines. On T:4466 you reached level 5 of The Dungeons of Doom. On T:4730 you reached level 6 of The Dungeons of Doom. On T:5158 you advanced to experience level 8. On T:5649 you reached level 7 of The Dungeons of Doom. On T:5847 you reached level 8 of The Dungeons of Doom. Score breakdown: Gold: 356 ( 8683 points) Experience: 8 levels (14739 points) Exploration: 13 levels ( 26.53%) (15000 points) Discoveries: 32 items ( 12.96%) (10798 points) Valuables value: (no points given unless you survive) Artifact value: 200 ( 7834 points) Variety of kills: 63 monsters ( 16.62%) (12231 points) Time penalty: 5885 turns (-1595 points) Survival: died (score multiplied by 80%) Total score: 54152 Latest messages: p - a shiny ring. v - a wand of striking. x - a maple wand. F - a bubbly potion. H - 2 lizard corpses. K - a brass wand. M - a uranium wand. You have a little trouble lifting Q - 11 food rations. You have a little trouble lifting j - a balsa wand. Your knapsack cannot accommodate any more items. There is a grave here. Something is engraved here on the headstone. You read: "Khor, killed by an invisible Archon called "Oblivion"". There are many more objects here. Your movements are slowed slightly because of your load. Something hits! (3x) Something casts a spell at you! Your head suddenly aches very painfully! You die... Final status: Goodbye FIQ the Barbarian, killed by an invisible Archon called "Oblivion"... You died in The Dungeons of Doom on dungeon level 8 with 54152 points, and 356 pieces of gold, after 5885 moves. You were level 8 with a maximum of 100 hit points when you died.